 Dungeon Crawl Stone Soup version 0.30-a0-964-gd452b5e7fa (webtiles) character file.

Game seed: 12762249351623502368

48 Mersikull the Trooper (level 3, 0/29 HPs)
             Began as a Demonspawn Berserker on Mar 30, 2023.
             Was a Believer of Trog.
             Slain by an orc wizard
             ... wielding a +0 dagger
              (3 damage)
             ... on level 2 of the Dungeon.
             The game lasted 00:16:12 (1636 turns).

Mersikull the Trooper (Demonspawn Berserker)        Turns: 1636, Time: 00:16:13

Health: 0/29       AC:  4    Str: 19    XL:     3   Next: 50%
Magic:  3/3        EV: 12    Int:  8    God:    Trog [**....]
Gold:   46         SH:  4    Dex: 12    Spells: 2/2 levels left

rFire   . . .      SeeInvis .    k - +1 flail
rCold   + . .      Faith    +    (no shield)
rNeg    . . .      Spirit   .    d - +1 robe
rPois   .          Reflect  .    (no helmet)
rElec   .          Rampage  .    (no cloak)
rCorr   .                        j - +0 pair of gloves
Will    .....                    (no boots)
Stlth   +                        l - amulet of faith
HPRegen 0.24/turn                g - ring of protection from cold
MPRegen 0.08/turn                (no ring)

@: no status effects
A: condensation shield, demonic magic 1
a: Renounce Religion, Berserk, Trog's Hand


You were on level 2 of the Dungeon.
You worshipped Trog.
Trog was pleased with you.
You visited 1 branch of the dungeon, and saw 2 of its levels.

You collected 46 gold pieces.

Inventory:

Hand Weapons
 a - a +0 hand axe
 c - a +0 short sword
 k - a +1 flail (weapon)
Armour
 b - a +0 animal skin
 d - a +1 robe (worn)
 j - a +0 pair of gloves (worn)
Jewellery
 g - a ring of protection from cold (left hand)
 l - an amulet of faith (around neck)
Scrolls
 e - 2 scrolls of fear {unknown}
 i - a scroll of immolation {unknown}
 m - a scroll of enchant armour
 n - a scroll of identify {unknown}
Potions
 f - a potion of mutation {unknown}
 h - a potion of haste {unknown}


   Skills:
 + Level 3.5 Fighting
 + Level 3.5 Axes
 + Level 2.0 Armour
 + Level 1.9 Dodging
 + Level 0.2 Stealth


You had 2 spell levels left.
You didn't know any spells.
Your spell library was empty.

Dungeon Overview and Level Annotations

Branches:
Dungeon (2/15)

Altars:


Innate Abilities, Weirdness & Mutations

A meltable shield of frost defends you. (SH +4)
Spells you cast may paralyse adjacent enemies.


Message History

Something hits you.
You see here a +0 flail.
You hear some strange, mumbled words.
A magic dart appears from out of thin air!
The magic dart hits you! You block the orc's attack.
You miss something.
The orc hits you from afar with a +0 trident.
The orc barely misses you. Something hits you.
Something hits you but does no damage. The orc misses you.
Things that are here:
a +0 flail; an orc corpse You miss something.
Something hits you. The orc hits you with a +0 trident.
* * * LOW HITPOINT WARNING * * *
You barely miss the orc. Something hits you.
* * * LOW HITPOINT WARNING * * *
The orc closely misses you.
You hit the orc.
The orc is heavily wounded.
Something hits you but does no damage. The orc hits you but does no damage. x2
Something hits you but does no damage.
You barely miss the orc.
The orc is heavily wounded.
Something completely misses you. The orc barely misses you.
You barely miss the orc.
The orc is heavily wounded.
Something completely misses you. The orc misses you.
You barely miss the orc.
The orc is heavily wounded.
Something barely misses you. The orc barely misses you.
You thump the orc!
You kill the orc!
Trog accepts your kill.
You can now call upon Trog for regeneration and willpower.
You block something's attack. Something hits you but does no damage.
Something hits you.
* * * LOW HITPOINT WARNING * * *
You completely miss something. Something hits you.
* * * LOW HITPOINT WARNING * * *
You miss something. Something hits you.
You die...

##.......##
##.#...##.# #.#.##
.##.....##
#.#.####.# .# .#
####...##
#.#.####.# . ##'##
#........# #. #.#
###.###### .# #.#
#.# # ##.## #.#
##...##########.#
###............{@.#
.......########)###
..###.## #)#
#.###.# #..
...##.## ##.#
.......# ..
..8....# .#≈
.......# .#≈
....8..# .# ≈


There were no monsters in sight!

Vanquished Creatures
  A gnoll (D:1)
  2 dart slugs (D:1)
  3 orcs (D:2)
  An endoplasm (D:2)
  3 hobgoblins
  4 jackals (D:1)
  3 quokkas (D:1)
  A bat (D:1)
  2 frilled lizards (D:1)
  3 goblins (D:1)
  4 kobolds (D:1)
  3 rats
30 creatures vanquished.

Vanquished Creatures (others)
  23 plants (D:1)
23 creatures vanquished.

Grand Total: 53 creatures vanquished

Notes
Turn   | Place    | Note
-------+----------+-------------------------------------------
     0 | D:1      | Mersikull the Demonspawn Berserker began the quest for the
                  | Orb.
     0 | D:1      | Reached XP level 1. HP: 18/18 MP: 1/1
    82 | D:1      | Gained mutation: A meltable shield of frost defends you.
                  | (SH +4) [demonic ancestry]
    82 | D:1      | Reached XP level 2. HP: 8/24 MP: 2/2
   775 | D:1      | Gained mutation: Spells you cast may paralyse adjacent
                  | enemies. [demonic ancestry]
   775 | D:1      | Reached XP level 3. HP: 27/29 MP: 3/3
  1066 | D:1      | Found a faded altar of an unknown god.
  1633 | D:2      | Reached ** piety under Trog
  1636 | D:2      | Slain by an orc wizard

Illustrated notes

Levels and vault maps discovered:
D:1:      psy_arrival_radial02, layout_loops_ring, basic_ecumenical_altar,
          serial_bayou_lagoon_a
D:2:      layout_loops_corners, basic_altar, grunt_decor_junction,
          minmay_misc_feat_plants

Skill      XL: |  1  2 |
---------------+-------+-----
Axes           | 3 |  3.5
Armour         | 2 |  2.0
Fighting       | |  3.5
Dodging        | |  1.9
Stealth        | |  0.2

Action                     || total
---------------------------++-------
  Melee: Hand axe          ||   106
         Short sword       ||     2
         Flail             ||    18
         Punch             ||     1
    Use: Scroll            ||     2
 Armour: Robe              ||    14
         Animal skin       ||     1
  Dodge: Dodged            ||    56
  Block: Other             ||    17

Table legend: (Time is in decaauts)
 A = Elapsed time spent in this place.
 B = Non-inter-level travel time spent in this place.
 C = Inter-level travel time spent in this place.
 D = Time resting spent in this place.
 E = Time spent auto-exploring this place.
 F = Levels seen in this place.
 G = Mean time per level.
                   A        B        C        D        E       F      G
               +--------+--------+--------+--------+--------+-----+--------+
         Total |   1671 |   1233 |    438 |      0 |      0 |   2 |  835.5 |
       Dungeon |   1671 |   1233 |    438 |      0 |      0 |   2 |  835.5 |
               +--------+--------+--------+--------+--------+-----+--------+

Top non-repeatable levels by time:
     D:1: 1271 daAuts
     D:2: 399 daAuts
